 Dungeon Crawl Stone Soup version 0.27.1-34-g3ba077fa99 (webtiles) character file.

Game seed: 7391317595833201020

7474 ticklebelly the Fighter (level 10, -6/97 HPs)
             Began as a Minotaur Berserker on Jan 7, 2022.
             Was a High Priest of Trog.
             Mangled by a sixfirhy (9 damage)
             ... on level 2 of the Abyss.
             The game lasted 00:20:04 (9287 turns).

ticklebelly the Fighter (Minotaur Berserker)        Turns: 9287, Time: 00:20:05

Health: -6/97      AC: 22    Str: 26      XL:     10   Next: 94%
Magic:  9/9        EV:  9    Int:  4      God:    Trog [*****.]
Gold:   445        SH:  0    Dex:  8 (9)  Spells: 9/9 levels left

rFire    . . .     SeeInvis .   O - +0 battleaxe
rCold    x . .     Faith    .   (shield currently unavailable)
rNeg     . . .     Spirit   .   u - +3 chain mail of Stoicism {Rampage rC- Will+}
rPois    .         Reflect  .   (helmet restricted)
rElec    .         Harm     .   (no cloak)
rCorr    .         Rampage  +   g - +0 pair of gloves
Will     +....                  M - +0 pair of boots
Stlth    ..........             b - amulet of regeneration
HPRegen  1.26/turn              I - +4 ring of protection
MPRegen  0.11/turn              (no ring)

@: on berserk cooldown, slowed, very slow
A: horns 2, retaliatory headbutt
a: Renounce Religion, Berserk, Trog's Hand, Brothers in Arms


You were on level 2 of the Abyss.
You worshipped Trog.
Trog was extremely pleased with you.
You visited 1 branch of the dungeon, and saw 10 of its levels.
You visited the Abyss 1 time.
You also visited: Ossuary.

You collected 445 gold pieces.

Inventory:

Hand Weapons
 K - a +0 war axe
 N - a +1 mace of protection
 O - a +0 battleaxe (weapon)
 P - a +1 antimagic executioner's axe
Missiles
 a - 2 throwing nets
 k - 15 boomerangs (quivered)
Armour
 g - a +0 pair of gloves (worn)
 u - the +3 chain mail of Stoicism (worn) {Rampage rC- Will+}
   (You took it off a gnoll on level 5 of the Dungeon)

   rC:        It makes you vulnerable to cold.
   Rampage:   It bestows one free step when moving towards enemies.
   Will:      It increases your willpower.
 G - a +0 plate armour
 J - a +0 kite shield
 M - a +0 pair of boots (worn)
 Q - a +0 pair of gloves of archery
Jewellery
 b - an amulet of regeneration (around neck)
 I - a +4 ring of protection (left hand)
Wands
 v - a wand of polymorph (8)
 C - a wand of mindburst (7)
 D - a wand of charming (4)
 E - a wand of acid (10)
Scrolls
 d - 3 scrolls of amnesia {unknown}
 h - 3 scrolls of enchant armour {unknown}
 j - 3 scrolls of enchant weapon {unknown}
 l - 6 scrolls of identify {unknown}
 m - a scroll of vulnerability {unknown}
 n - a scroll of torment {unknown}
 o - 2 scrolls of immolation {unknown}
 q - 6 scrolls of blinking {unknown}
 s - 2 scrolls of magic mapping {unknown}
 y - 2 scrolls of fear {unknown}
 F - 2 scrolls of fog {unknown}
 L - 3 scrolls of teleportation {unknown}
Potions
 c - 2 potions of flight {unknown}
 e - 3 potions of curing {unknown}
 f - a potion of cancellation {unknown}
 i - 2 potions of degeneration {unknown}
 p - 2 potions of attraction {unknown}
 r - 2 potions of ambrosia {unknown}
 t - a potion of lignification {unknown}
 w - a potion of haste {unknown}
 x - 2 potions of magic {unknown}
 z - 3 potions of mutation {unknown}
 A - 2 potions of might {unknown}
 B - a potion of invisibility {unknown}
 H - a potion of heal wounds {unknown}


   Skills:
 + Level 12.0 Fighting
 + Level 12.0 Axes
 + Level 11.4 Armour
 - Level 3.0 Dodging


You had 9 spell levels left.
You didn't know any spells.
Your spell library was empty.

Dungeon Overview and Level Annotations

Branches:
Dungeon (10/15)            Temple (0/1) D:4            Lair (0/6) D:8
    Orc (0/2) D:9         Ossuary (visited)

Altars:
Cheibriados
Fedhas
Nemelex Xobeh
Qazlal
Ru
Sif Muna
Trog
Vehumet
Xom
Yredelemnul


Innate Abilities, Weirdness & Mutations

You have a pair of horns on your head.
You reflexively headbutt those who attack you in melee.


Message History

The eidolon stares piercingly at you. The bolt of negative energy hits you!!!
You feel drained.
You slash the eidolon!
The eidolon is almost destroyed.
The eidolon hits you.
The eidolon hits you but does no damage.
You hit the eidolon.
The eidolon is almost destroyed.
The eidolon hits you! The eidolon drains your vigour!
You feel yourself slow down. The eidolon barely misses you.
You hit the eidolon but do no damage.
The eidolon is almost destroyed.
A sixfirhy comes into view.
The eidolon stares piercingly at you. The bolt of negative energy hits you!!
You feel drained.
You slash the eidolon!
You feel the power of Trog in you as your rage grows.
You destroy the eidolon!
Trog accepts your kill.
You feel your intelligence returning.
Your life force feels restored.
Your Fighting skill increases to level 12!
Your Axes skill increases to level 12!
You feel a strong urge to attack something.
You are no longer berserk.
You are exhausted.
You feel as though you will be slow longer.
A wretched star comes into view.
The sixfirhy hits you but does no damage.
The sixfirhy hits you!
* * * LOW HITPOINT WARNING * * *
The sixfirhy shocks you!
* * * LOW HITPOINT WARNING * * *
The sixfirhy hits you.
* * * LOW HITPOINT WARNING * * *
The sixfirhy shocks you!
* * * LOW HITPOINT WARNING * * *
The sixfirhy hits you.
* * * LOW HITPOINT WARNING * * *
The sixfirhy shocks you!
You die...

.. ........ #.. .##
. ..3.#.##. #.# ##.#
.. .........### #...
# . . #...#...##..#
##...#ยง.##.##.#.. #
. .. .#....#.# ....
..###..#..# ......
.....##3###.#
....v.#.##..#..@...#
. ... ####.##.#..#
.# #. #.. .# #. .#.#
.. . # #. .# *# #


You could see a sixfirhy.

Vanquished Creatures
  An eidolon (Abyss:2)
  A two-headed ogre (D:9)
  An ancient zyme (Abyss:2)
  A troll (D:9)
  Grinder (D:4)
  A hornet (D:8)
  3 yaks (D:9)
  A wyvern (D:8)
  4 vampire mosquitoes (D:10)
  Menkaure (D:7)
  An orc warrior (D:9)
  A black bear (D:7)
  4 sky beasts
  A necrophage (D:7)
  3 ogres
  4 centaurs
  2 phantoms
  3 bullfrogs
  3 kobold brigands
  The ghost of Eryximachus the Grave Robber, an amateur VSNe (D:4)
  A wyvern zombie (D:7)
  A gnoll sergeant (D:6)
  A wyvern skeleton (D:6)
  2 small abominations (Abyss:2)
  3 killer bees (D:8)
  3 howler monkeys (D:9)
  11 centaur zombies
  2 hounds
  2 jellies
  A gnoll shaman (D:5)
  7 orc priests
  A centaur skeleton (D:7)
  A bullfrog skeleton (D:5)
  3 orc wizards
  Ijyb (D:4)
  2 killer bee zombies
  A hound zombie (D:5)
  5 mummies (Ossuary)
  A howler monkey zombie (D:5)
  15 gnolls
  5 adders
  A white imp (D:6)
  2 worms
  4 dart slugs
  24 orcs
  5 ball pythons
  10 endoplasms
  A giant cockroach (D:1)
  11 goblins
  8 hobgoblins
  7 jackals (D:2)
  27 kobolds
  3 quokkas
  4 bats
  4 frilled lizards
  2 hobgoblin zombies (Ossuary)
  A rat (D:2)
221 creatures vanquished.

Notes
Turn   | Place    | Note
-------+----------+-------------------------------------------
     0 | D:1      | ticklebelly the Minotaur Berserker began the quest for the
                  | Orb.
     0 | D:1      | Reached XP level 1. HP: 19/19 MP: 0/0
   104 | D:1      | Reached XP level 2. HP: 19/27 MP: 1/1
   400 | D:1      | Found a faded altar of an unknown god.
   845 | D:2      | Reached XP level 3. HP: 24/34 MP: 2/2
  1099 | D:2      | Reached ** piety under Trog
  1811 | D:3      | Found a stormy altar of Qazlal.
  1928 | D:3      | Reached XP level 4. HP: 41/41 MP: 3/3
  2058 | D:3      | Found a shimmering altar of Xom.
  2469 | D:3      | Reached skill level 5 in Fighting
  2617 | D:3      | Found a bloodstained altar of Trog.
  2692 | D:4      | Found a runed translucent door.
  2692 | D:4      | Noticed Ijyb
  2693 | D:4      | Noticed Eryximachus's ghost (amateur VSNe)
  2697 | D:4      | Paralysed by Ijyb for 2 turns
  2702 | D:4      | Paralysed by Ijyb for 5 turns
  2707 | D:4      | Killed Ijyb
  2708 | D:4      | Reached skill level 5 in Axes
  2717 | D:4      | Killed Eryximachus's ghost
  2718 | D:4      | Reached XP level 5. HP: 29/48 MP: 4/4
  2888 | D:4      | Found a staircase to the Ecumenical Temple.
  2907 | D:4      | Noticed a sky beast
  2935 | D:4      | Killed a sky beast
  2936 | D:4      | Reached XP level 6. HP: 22/57 MP: 5/5
  3403 | D:4      | Noticed Grinder
  3403 | D:4      | Paralysed by Grinder for 3 turns
  3415 | D:4      | Killed Grinder
  3911 | D:5      | Entered Level 5 of the Dungeon
  3919 | D:5      | Reached skill level 5 in Armour
  3929 | D:5      | Noticed a sky beast
  3936 | D:5      | Reached XP level 7. HP: 62/64 MP: 6/6
  3989 | D:5      | HP: 3/64 [gnoll (4)]
  4470 | D:5      | Reached *** piety under Trog
  4795 | D:5      | Identified the +3 chain mail of Stoicism {Rampage rC-
                  | Will+}
  4823 | D:5      | Found a sparkling altar of Nemelex Xobeh.
  4826 | D:5      | Found a blossoming altar of Fedhas.
  4845 | D:5      | Found a radiant altar of Vehumet.
  4848 | D:5      | Found a shimmering blue altar of Sif Muna.
  5559 | D:6      | Reached XP level 8. HP: 69/73 MP: 7/7
  5867 | D:6      | Found a sand-covered staircase.
  5877 | Ossuary  | Entered an ossuary
  6701 | D:7      | Reached XP level 9. HP: 79/83 MP: 8/8
  6803 | D:7      | Reached **** piety under Trog
  7178 | D:7      | Noticed Menkaure
  7184 | D:7      | Killed Menkaure
  7504 | D:8      | Reached skill level 10 in Fighting
  7538 | D:8      | Reached skill level 10 in Axes
  7661 | D:8      | Found a staircase to the Lair.
  8018 | D:8      | Found a sacrificial altar of Ru.
  8093 | D:8      | Found a snail-covered altar of Cheibriados.
  8255 | D:9      | Found a basalt altar of Yredelemnul.
  8290 | D:9      | Noticed a troll
  8298 | D:9      | Killed a troll
  8346 | D:9      | Reached XP level 10. HP: 94/94 MP: 9/9
  8366 | D:9      | Reached skill level 10 in Armour
  8389 | D:9      | Reached ***** piety under Trog
  8407 | D:9      | Found a staircase to the Orcish Mines.
  8488 | D:9      | Noticed a two-headed ogre
  8535 | D:9      | Killed a two-headed ogre
  8872 | D:9      | Received a gift from Trog
  9105 | D:10     | Entered Level 10 of the Dungeon
  9138 | D:10     | Noticed a wizard
  9184 | D:10     | Cast into level 2 of the Abyss (a wizard)
  9185 | Abyss:2  | Found a corrupted altar of Lugonu.
  9249 | Abyss:2  | Noticed a spatial maelstrom
  9264 | Abyss:2  | Noticed an eidolon
  9281 | Abyss:2  | Noticed a sixfirhy
  9282 | Abyss:2  | Killed an eidolon
  9286 | Abyss:2  | Noticed a wretched star
  9287 | Abyss:2  | HP: 4/97 [sixfirhy (12)]
  9287 | Abyss:2  | Mangled by a sixfirhy

Illustrated notes

Levels and vault maps discovered:
D:1:      scummos_arrival_simple_crosswalls, layout_basic,
          basic_ecumenical_altar
D:2:      layout_basic, serial_curves, eino_curves_02, eino_curves_02,
          chequers_serial_rivers_large_a, palyth_stone_intersect,
          hangedman_glass_teeth
D:3:      layout_basic, lemuel_coloured_pillars_altar, old_standard_altar,
          lightli_temple_of_fire, chequers_serial_rivers_micro_e,
          chequers_decorated_corner
D:4:      layout_loops_ring, minmay_temple_entry_offerings,
          ebering_ghost_reflecting_pool, uniq_grinder, uniq_ijyb
D:5:      layout_basic, grunt_temple_overflow_cloverleaf
D:6:      layout_basic, enter_ossuary_1, bh_walls_and_bars
D:7:      layout_loops_ring, uniq_menkaure
D:8:      layout_loops_cross, nicolae_ru_path_of_blood, cheibrodos_worm_habitat,
          lair_entry_dummy
D:9:      layout_basic, lemuel_tele_altar, erik_orc_3
D:10:     cheibrodos_wizards_tower, layout_loops_cross, amcnicky_altar_gilded,
          doesnt_shop_hydraphobe, uniq_harold
Abyss:2:  base:
Temple

Skill      XL: |  1  2  3  4  5  6  7  8  9 10 |
---------------+-------------------------------+-----
Fighting       | 4 5 6 7 9 10 12 | 12.0
Axes           | 4 5 6 7 9 10 12 | 12.0
Armour         | 3 4 5 6 8 9 11 | 11.4
Dodging        | 3 |  3.0

Action                   |  1- 3 |  4- 6 |  7- 9 | 10-12 || total
-------------------------+-------+-------+-------+-------++-------
Melee: Hand axe          |    84 |    89 |   328 |       ||   501
       Headbutt          |     9 |    22 |    89 |    28 ||   148
       War axe           |       |       |    66 |    88 ||   154
       Battleaxe         |       |       |       |    43 ||    43
Invok: Berserk           |       |     1 |     3 |     3 ||     7
 Stab: Sleeping          |     1 |       |       |       ||     1
Armor: Animal skin       |    13 |       |       |       ||    13
       Chain mail        |     8 |    29 |   251 |    66 ||   354
Dodge: Dodged            |    66 |    36 |   162 |    47 ||   311
